 Dungeon Crawl Stone Soup version 0.24-a0-408-gcc1054c7ca (webtiles) character file.

Game seed: 17463245315749551872

28 Laiders72 the Caller (level 2, 0/20 HPs)
             Began as a Draconian Summoner on June 5, 2019.
             Slain by a worm (8 damage)
             ... on level 2 of the Dungeon.
             The game lasted 00:05:26 (956 turns).

Laiders72 the Caller (Draconian Summoner)            Turns: 956, Time: 00:05:26

Health: 0/20       AC:  4    Str: 10    XL:     2   Next: 96%
Magic:  3/5        EV: 11    Int: 15    God:
Gold:   23         SH:  0    Dex: 11    Spells: 5/6 levels left

rFire    + . .     SeeInvis .   e - +0 whip
rCold    x . .     Gourm    .   (no shield)
rNeg     . . .     Faith    .   (armour unavailable)
rPois    .         Spirit   .   (helmet restricted)
rElec    .         Reflect  .   (no cloak)
rCorr    .         Harm     .   (no gloves)
MR       .....                  (no boots)
Stlth    +.........             (no amulet)
HPRegen  0.06/turn              k - ring of fire
MPRegen  0.09/turn              (no ring)

@: drained
A: unfitting armour, cold-blooded, AC +4
a: no special abilities


You were on level 2 of the Dungeon.
You were hungry.

You visited 1 branch of the dungeon, and saw 2 of its levels.

You collected 23 gold pieces.

Inventory:

Hand Weapons
 e - a +0 whip (weapon)
Armour
 c - a +0 pair of boots
Jewellery
 k - a ring of fire (left hand)
Scrolls
 a - a scroll of remove curse {unknown}
 f - a scroll of random uselessness {unknown}
 h - 2 scrolls of amnesia {unknown}
 i - a scroll of noise {unknown}
 j - a scroll of identify {unknown}
Potions
 d - a potion of might {unknown}
 g - a potion of cancellation {unknown}
Comestibles
 b - a ration


   Skills:
 - Level 1.7(1.0) Dodging
 - Level 1.7(1.0) Stealth
 + Level 2.7(1.9) Spellcasting
 + Level 4.5(3.7) Summonings


You had 5 spell levels left.
You knew the following spells:

 Your Spells              Type           Power        Failure   Level  Hunger
a - Summon Small Mammal   Summ           ##..         4%          1    ##.....

Your spell library contained the following spells:

 Spells                   Type           Power        Failure   Level  Hunger
 Call Imp                 Summ           ##......     8%          2    ###....
 Call Canine Familiar     Summ           ##......     14%         3    ####...
 Summon Guardian Golem    Hex/Summ       #.......     30%         3    ####...
 Summon Ice Beast         Ice/Summ       #.......     71%         4    #####..
 Summon Lightning Spire   Summ/Air       #.......     71%         4    #####..


Dungeon Overview and Level Annotations

Branches:
Dungeon (2/15)

Altars:


Innate Abilities, Weirdness & Mutations

Your plain brown scales are hard. (AC +4)
You cannot fit into any form of body armour.
You are cold-blooded and may be slowed by cold attacks.


Message History

You swap places.
Your bat barely misses the leopard gecko.
The leopard gecko barely misses your bat.
Your bat hits the leopard gecko. Your bat misses the leopard gecko.
The leopard gecko closely misses your bat. x2
There is a stone staircase leading up here.
Your bat misses the leopard gecko. The leopard gecko bites your bat.
Your bat dies!
Your bat's corpse disappears in a puff of smoke!
The leopard gecko closely misses your quokka.
Your quokka bites the leopard gecko.
The leopard gecko dies!
You swap places.
A worm comes into view.
You are feeling hungry.
You see here a kobold corpse.
You barely miss the worm. You barely miss the worm.
Your tail-slap misses the worm.
The worm bites you!
You die...

# #.
####..######
......w@r†.#
##########.#
#.# #.# #.#
#<# #.# #.#
#.#


You could see a worm and a friendly quokka.

Vanquished Creatures
  A leopard gecko (D:1)
  3 goblins
  A hobgoblin (D:1)
  5 kobolds
  2 bats (D:1)
  A frilled lizard (D:2)
  4 rats (D:1)
17 creatures vanquished.

Vanquished Creatures (collateral kills)
  A dart slug (D:1)
  2 leopard geckos
  A bat (D:1)
  A goblin (D:1)
  A hobgoblin (D:1)
  2 kobolds (D:1)
  A rat (D:1)
9 creatures vanquished.

Grand Total: 26 creatures vanquished

Notes
Turn   | Place    | Note
-------+----------+-------------------------------------------
     0 | D:1      | Laiders72 the Draconian Summoner began the quest for the
                  | Orb.
     0 | D:1      | Reached XP level 1. HP: 14/14 MP: 3/3
   292 | D:1      | Reached XP level 2. HP: 16/20 MP: 1/5
   956 | D:2      | Slain by a worm

Levels and vault maps discovered:
D:1:      dpeg_arrival_simpleton_c, layout_rooms
D:2:      layout_loops_ring, first_ration, minmay_cut_off

Action                   || total
-------------------------++-------
Melee: Whip              ||    83
       Tailslap          ||     5
 Cast: Summon Small Mamm ||    15
Armor: Skin              ||    44
Dodge: Dodged            ||    81

Table legend:
 A = Non-vault XP
 B = Vault XP
 C = Vault XP percentage of total XP
 D = Non-vault monster count
 E = Vault monster count
 F = Vault count percentage of total count
                 A         B        C        D         E       F
            +---------+---------+-------+---------+---------+-------
      Total |      40 |       0 |   0.0 |      26 |       0 |   0.0
            +---------+---------+-------+---------+---------+-------
        D:1 |      30 |       0 |   0.0 |      20 |       0 |   0.0
        D:2 |      10 |       0 |   0.0 |       6 |       0 |   0.0
            +---------+---------+-------+---------+---------+-------
